 Dungeon Crawl Stone Soup version 0.32-a0-918-g0f22ef8d61 (webtiles) character file.

Game seed: 6758080726329396050

68 Destark the Covered (level 4, -21/40 HPs)
             Began as a Mountain Dwarf Fighter on Apr 11, 2024.
             Demolished by an ogre
             ... wielding a +0 giant club
              (24 damage)
             ... on level 4 of the Dungeon.
             The game lasted 00:24:17 (1657 turns).

Destark the Covered (Mountain Dwarf Fighter)        Turns: 1657, Time: 00:24:18

Health: -21/40     AC:  7    Str: 20    XL:     4   Next: 1%
Magic:  4/4        EV:  8    Int:  9    God:
Gold:   54         SH:  4    Dex:  9    Spells: 3/3 levels left

rFire   . . .        a - +0 war axe
rCold   . . .        c - +0 buckler
rNeg    . . .        b - +0 scale mail
rPois   .            (helmet currently unavailable)
rElec   .            (cloak currently unavailable)
rCorr   +            (gloves currently unavailable)
SInv    .            (boots currently unavailable)
Will    .....        (no amulet) Stlth
                     g - ring of resist corrosion
HPRegen 0.26/turn    I - +4 ring of slaying
MPRegen 0.09/turn

%: no passive effects
@: beast-form
A: beast (slay +0), runic magic, artefact enchanting
a: Begin Untransformation


You were on level 4 of the Dungeon.
You were a hulking beast.
You visited 1 branch of the dungeon, and saw 4 of its levels.

You collected 54 gold pieces.

Inventory:

Hand Weapons
 a - a +0 war axe (weapon)
 h - a +0 dagger
 i - a +0 spear
 m - a +0 club
 n - a +0 club
 q - a +0 dagger
 t - a +0 club
 u - a +0 short sword
 v - a +0 dagger
 x - a +0 club
 y - a +0 club
 z - a +0 club
 A - a +0 scimitar
 B - a +0 hand axe
 C - a +0 dagger
 F - a +0 mace
Missiles
 r - 4 stones
 H - 4 javelins (quivered)
Armour
 b - a +0 scale mail (worn)
 c - a +0 buckler (worn)
 o - a +0 ring mail
 w - a +0 ring mail
Jewellery
 g - a ring of resist corrosion (left hand)
 I - a +4 ring of slaying (right hand)
Talismans
 G - a beast talisman (active)
Scrolls
 e - 3 scrolls of fog {unknown}
 k - 2 scrolls of poison {unknown}
 l - 7 scrolls of fear {unknown}
 p - a scroll of silence {unknown}
 s - 2 scrolls of revelation {unknown}
 E - a scroll of enchant armour {unknown}
 J - 2 scrolls of identify {unknown}
Potions
 d - a potion of haste {unknown}
 f - a potion of enlightenment {unknown}
 j - 2 potions of curing {unknown}
 D - a potion of mutation {unknown}


   Skills:
 + Level 3.8 Fighting
 + Level 3.7 Axes
 + Level 4.1 Armour
 + Level 0.1 Dodging
 + Level 3.4 Shields


You had 3 spell levels left.
You didn't know any spells.
Your spell library contained the following spells:

 Spells                   Type           Power      Damage    Failure   Level
 Summon Small Mammal      Summ           0%         N/A       54%         1
 Call Canine Familiar     Summ           0%         N/A       88%         3
 Hailstorm                Conj/Ice       0%         3d5       88%         3
 Summon Ice Beast         Ice/Summ       0%         N/A       88%         3
 Summon Blazeheart Golem  Fire/Summ      0%         N/A       99%         4
 Permafrost Eruption      Ice/Erth       0%         2x4d1     100%        6
 Sculpt Simulacrum        Ice/Alch       0%         N/A       100%        6


Dungeon Overview and Level Annotations

Branches:
Dungeon (4/15)
 Temple: D:4-7

Altars:

Annotations:
D:4 3 runed translucent doors, Chish's ghost, amateur NaFi


Innate Abilities, Weirdness & Mutations

You are a hulking beast.
Your limbs bulge with bestial killing power. (Slay +0)
Your spellcasting is much less encumbered by armour.
You can use scrolls of enchantment on lesser artefacts.


Message History

Found 6 stones.
There is an escape hatch in the floor here.
There is an escape hatch in the floor here.
You slide downwards.
The hatch slams shut behind you.
You slash the dart slug!
You kill the dart slug!
As you open the door, it creaks loudly!
There is an open door here.
An endoplasm comes into view.
The endoplasm quivers.
Found a scroll labelled DYPRAE TUHUM.
You hit the endoplasm.
The endoplasm is almost dead.
The endoplasm hits you but does no damage.
You slash the endoplasm!
You kill the endoplasm!
You have reached level 4!
You feel clever.
Found 19 gold pieces.
Found a runed translucent gate.
The kobold shouts! x3
Chish's ghost turns its malevolent gaze towards you.
The kobold shouts!
You hear a shout! x2; The kobold shouts!
J - 2 scrolls labelled DYPRAE TUHUM (gained 1)
Found a scroll labelled DYPRAE TUHUM and 6 gold pieces.
The kobold shouts! x2
An ogre comes into view. It is wielding a +0 giant club.
The ogre shouts!
An adder comes into view.
The adder hisses angrily.
The ogre attacks as it pursues you!
The ogre hits you with a +0 giant club!!
Ouch! That really hurt!
The ogre attacks as it pursues you! The ogre hits you with a +0 giant club!
* * * LOW HITPOINT WARNING * * *
The ogre attacks as it pursues you! The ogre closely misses you.
There is an open door here.
You block the adder's attack.
The ogre hits you with a +0 giant club!!
Ouch! That really hurt!
You die...

######### #.......#
#.......# #####.......#
#...†.......#
#####......######
#..........# ##..hS...###
#...O...'.# ## ##......#.#
.## # #......#.# ..##.#
#......#.###.....#
########.......#.#
####.........# .
#...#...##.###
...#########...#...##...#.


You could see an ogre and an adder.

Vanquished Creatures
  2 adders (D:2)
  A ribbon worm (D:2)
  2 dart slugs
  A ball python (D:2)
  4 bats
  6 endoplasms
  A giant cockroach (D:2)
  6 goblins
  2 hobgoblins
  2 jackals (D:3)
  2 quokkas
  2 frilled lizards
  7 kobolds
  2 rats
40 creatures vanquished.

Notes
Turn   | Place    | Note
-------+----------+-------------------------------------------
     0 | D:1      | Destark the Mountain Dwarf Fighter began the quest for the
                  | Orb.
     0 | D:1      | Reached XP level 1. HP: 19/19 MP: 1/1
   313 | D:1      | Reached XP level 2. HP: 24/26 MP: 2/2
  1001 | D:2      | Reached skill level 4 in Armour
  1001 | D:2      | Reached XP level 3. HP: 25/33 MP: 3/3
  1617 | D:4      | Reached XP level 4. HP: 40/40 MP: 4/4
  1622 | D:4      | Found a runed translucent gate.
  1622 | D:4      | Found a runed translucent gate.
  1622 | D:4      | Found a runed translucent gate.
  1623 | D:4      | Noticed Chish's ghost (amateur NaFi)
  1625 | D:4      | Noticed a kobold brigand
  1638 | D:4      | Noticed an ogre
  1647 | D:4      | HP: 1/40 [ogre/+0 giant club (15)]
  1657 | D:4      | Demolished by an ogre

Illustrated notes

Levels and vault maps discovered:
D:1:      wander_arrival_peaceful_grave, layout_basic, corexii_leaking_fountain
D:2:      wad_lake_hut, layout_rooms, chequers_big_river,
          chequers_serial_rivers_micro_d, grunt_decor_arrowhead
D:3:      kennysheep_goblin_castle, layout_rooms
D:4:      layout_basic, minmay_temple_entry_fiery,
          gammafunk_ghost_nasty_kobolds, serial_shops, shop_fountains,
          uniq_duvessa

Skill      XL: |  1  2 |
---------------+-------+-----
Axes           | 3 |  3.7
Armour         | 4 |  4.1
Fighting       | |  3.8
Dodging        | |  0.1
Shields        | |  3.4

Action                     |  1- 3 |  4- 6 || total
---------------------------+-------+-------++-------
  Melee: War axe           |   110 |       ||   110
    Use: Potion            |     1 |       ||     1
 Armour: Scale mail        |    81 |     3 ||    84
  Dodge: Dodged            |    65 |     1 ||    66
  Block: Buckler           |    28 |     1 ||    29
   Form: Beast             |     1 |       ||     1

Table legend: (Time is in decaauts)
 A = Elapsed time spent in this place.
 B = Non-inter-level travel time spent in this place.
 C = Inter-level travel time spent in this place.
 D = Time resting spent in this place.
 E = Time spent auto-exploring this place.
 F = Levels seen in this place.
 G = Mean time per level.
                   A        B        C        D        E       F      G
               +--------+--------+--------+--------+--------+-----+--------+
         Total |   1705 |   1705 |      0 |      0 |      0 |   4 |  426.2 |
       Dungeon |   1705 |   1705 |      0 |      0 |      0 |   4 |  426.2 |
               +--------+--------+--------+--------+--------+-----+--------+

Top non-repeatable levels by time:
     D:1: 758 daAuts
     D:2: 650 daAuts
     D:3: 230 daAuts
     D:4: 65 daAuts
